 Dungeon Sprint DCSS version 0.21.1-1-g345015f (webtiles) character file.

4196 Fang the Warrior (level 10, 0/105 HPs)
             Began as a Minotaur Berserker on May 1, 2018.
             Was the Champion of Trog.
             Slain by a guardian mummy (3 damage)
             ... in the Dungeon (Sprint V: "Ziggurat Sprint").
             The game lasted 00:03:55 (1073 turns).

Fang the Warrior (Minotaur Berserker)               Turns: 1073, Time: 00:03:56

Health: 0/105      AC: 26    Str: 32    XL:     10   Next: 8%
Magic:  4/9        EV: 12    Int:  4    God:    Trog [******]
Gold:   0          SH:  0    Dex: 11    Spells: 9/9 levels left

rFire    . . .     SeeInvis .   b - +6 executioner's axe (venom)
rCold    . . .     Gourm    .   (shield currently unavailable)
rNeg     . . .     Faith    .   j - +5 shadow dragon scales
rPois    .         Spirit   .   (helmet restricted)
rElec    .         Reflect  .   A - +2 cloak of Fedhas's Pride {MR- Str+2 Slay+5}
rCorr    .         Harm     .   (no gloves)
MR       .....     NoTele   +   B - +1 pair of boots {Stlth+}
Stlth    ++++......             (no amulet)
HPRegen  0.27/turn              G - ring of flight
MPRegen  0.11/turn              F - +6 ring of strength

@: berserk cooldown, slowed, very slow
A: retaliatory headbutt, horns 2
a: Berserk, Trog's Hand, Brothers in Arms, Burn Spellbooks, Renounce Religion,
Evoke Flight


You were in the Dungeon.
You worshipped Trog.
Trog was exalted by your worship.
You were very hungry.

You visited 1 branch

Inventory:

Hand Weapons
 b - a +6 executioner's axe of venom (weapon)
 l - a +5 demon trident
Armour
 j - +5 shadow dragon scales (worn)
 A - the +2 cloak of Fedhas's Pride (worn) {MR- Str+2 Slay+5}
   (You found it in the Dungeon)

   It affects your strength (+2).
   It affects your accuracy and damage with ranged weapons and melee attacks
   (+5).
   It affects your resistance to hostile enchantments.
 B - a +1 pair of boots of stealth (worn)
Jewellery
 F - a +6 ring of strength (right hand)
 G - a ring of flight (left hand)
Wands
 x - a wand of disintegration (7)
 y - a wand of iceblast (7)
 z - a wand of acid (7)
Scrolls
 i - 4 scrolls of blinking
 m - 7 scrolls of fog
 n - a scroll of holy word
 o - 5 scrolls of identify
 p - 5 scrolls of remove curse
 q - 2 scrolls of fear
 D - a scroll of brand weapon
Potions
 d - 10 potions of curing
 e - 10 potions of heal wounds
 f - 6 potions of haste
 g - 7 potions of magic
 h - 3 potions of berserk rage
 r - 2 potions of brilliance
 s - 2 potions of invisibility
 t - 4 potions of resistance
 u - a potion of experience
 v - 5 potions of agility
 w - 5 potions of might
Miscellaneous
 C - a lamp of fire
Comestibles
 a - 18 chunks of flesh
 c - 9 rations


   Skills:
 + Level 15.1 Fighting
 + Level 14.6(16.4) Axes
 + Level 13.1(15.6) Polearms
 + Level 11.2 Armour
 + Level 6.4 Dodging
 + Level 1.8 Stealth


You had 9 spell levels left.
You didn't know any spells.

Dungeon Overview and Level Annotations

Branches:
Dungeon (1/1)

Altars:
Ashenzari
Cheibriados
Dithmenos
Elyvilon
Fedhas
Gozag
Hepliaklqana
Kikubaaqudgha
Makhleb
Nemelex Xobeh
Okawaru
Qazlal
Ru
Sif Muna
Trog
Uskayaw
Vehumet
Wu Jian
Xom
Yredelemnul
Zin
The Shining One
Beogh
Jiyva
Lugonu

Annotations:
D 1 transporter


Innate Abilities, Weirdness & Mutations

You reflexively headbutt those who attack you in melee.
You have a pair of horns on your head.


Message History

You feel weakened.
The red devil disappears in a puff of smoke!
You feel your strength returning.
Your Fighting skill increases to level 15!
Your base Axes skill increases to level 14!
Your Armour skill increases to level 11!
You have reached level 10!
You slice the death scarab!! You slice the guardian mummy!!
You slash the guardian mummy!
You are no longer berserk.
Trog's vigour flows through your veins.
You are exhausted.
You feel as though you will be slow longer.
The death scarab bites you!
* * * LOW HITPOINT WARNING * * *
The death scarab drains your vigour!
You feel as though you will be slow longer.
The death scarab draws strength from your injuries!
The death scarab closely misses you. The guardian mummy hits you.
You die...

▓.▓.....▓.▓.▓...▓.▓
▓....©....▓...©...▓
▓▓▓▓▓▓▓▓▓▓▓▓▓▓▓▓▓▓▓
▓...8©8...▓..8©8..▓
▓..[)")...▓..:))..▓
▓...):)...▓..||}..▓
▓....§....▓.......▓
▓.........▓.÷÷....▓
▓...s@....▓..)....▓
▓....MM...▓.......▓
▓.▓.....▓.▓.▓...▓.▓
▓....©....▓...©...▓
▓▓▓▓▓▓▓▓▓▓▓▓▓▓▓▓▓▓▓


You could see 2 guardian mummies and a death scarab.

Vanquished Creatures
  A mummy priest (D)
  A guardian mummy (D)
  A jumping spider (D)
  A flying skull (D)
  4 spriggans (D)
  2 yaks (D)
  3 porcupines (D)
  4 black bears (D)
  3 orc warriors (D)
  5 wolves (D)
  A crocodile (D)
  2 bullfrogs (D)
  2 scorpions (D)
  A crimson imp (D)
  A quasit (D)
  An orc priest (D)
  2 iguanas (D)
  2 orc wizards (D)
  2 mummies (D)
  An adder skeleton (D)
  A jackal (D)
  A jackal zombie (D)
42 creatures vanquished.

Notes
Turn   | Place    | Note
-------+----------+-------------------------------------------
     0 | D        | Found the +6 Majin-Bo {vamp, Archmagi MP+6 Int+6}
     0 | D        | Found the +7 great mace "Firestarter" {inner flame, rF++}
     0 | D        | Fang the Minotaur Berserker began the quest for the Orb.
     0 | D        | Reached XP level 1. HP: 19/19 MP: 0/0
     3 | D        | Found a blossoming altar of Fedhas.
     4 | D        | Found a viscous altar of Jiyva.
     4 | D        | Found a hazy altar of Hepliaklqana.
     4 | D        | Found a transporter.
     4 | D        | Found an opulent altar of Gozag.
     4 | D        | Found an ancient bone altar of Kikubaaqudgha.
     4 | D        | Found a corrupted altar of Lugonu.
    10 | D        | Found a burning altar of Makhleb.
    11 | D        | Found a stormy altar of Qazlal.
    11 | D        | Found a sacrificial altar of Ru.
    11 | D        | Found an iron altar of Okawaru.
    11 | D        | Found a deep blue altar of Sif Muna.
    11 | D        | Found a sparkling altar of Nemelex Xobeh.
    11 | D        | Found a bloodstained altar of Trog.
    72 | D        | Entered arena 2.
    72 | D        | Noticed a wolf
    72 | D        | Noticed a yak
    72 | D        | Found a transporter.
    74 | D        | Killed a wolf
    74 | D        | Reached skill level 7 in Fighting
    74 | D        | Reached skill level 1 in Polearms
    74 | D        | Reached XP level 2. HP: 34/34 MP: 1/1
    74 | D        | Reached XP level 3. HP: 39/39 MP: 2/2
    74 | D        | Reached XP level 4. HP: 47/47 MP: 3/3
    78 | D        | Killed a yak
    78 | D        | Reached skill level 9 in Fighting
    78 | D        | Reached skill level 5 in Armour
    78 | D        | Reached XP level 5. HP: 57/57 MP: 4/4
    83 | D        | Reached ** piety under Trog
   117 | D        | Entered arena 3.
   117 | D        | Noticed a jumping spider
   117 | D        | Found a transporter.
   121 | D        | Killed a jumping spider
   121 | D        | Reached skill level 11 in Fighting
   121 | D        | Reached skill level 10 in Axes
   121 | D        | Reached skill level 5 in Dodging
   121 | D        | Reached XP level 6. HP: 61/68 MP: 5/5
   126 | D        | Reached *** piety under Trog
   130 | D        | Reached XP level 7. HP: 45/74 MP: 6/6
   138 | D        | Got the ring "Dyatuen" {rPois rF+ MP+9 Dex+2}
   399 | D        | Entered arena 4.
   399 | D        | Noticed a yak
   399 | D        | Found a transporter.
   403 | D        | Killed a yak
   403 | D        | Reached skill level 5 in Polearms
   406 | D        | Reached **** piety under Trog
   406 | D        | Reached skill level 12 in Fighting
   522 | D        | Entered arena 5.
   522 | D        | Found a transporter.
   528 | D        | Reached ***** piety under Trog
   531 | D        | Received a gift from Trog
   542 | D        | Entered arena 6.
   542 | D        | Noticed a spriggan
   542 | D        | Noticed a spriggan
   542 | D        | Noticed a spriggan
   542 | D        | Found a transporter.
   543 | D        | Found the +2 robe of Vines {NoPotionHeal Regen+7}
   546 | D        | Reached XP level 8. HP: 85/85 MP: 7/7
   555 | D        | Reached skill level 13 in Fighting
   561 | D        | Reached skill level 10 in Polearms
   578 | D        | Received a gift from Trog
   736 | D        | Entered arena 7.
   737 | D        | Found a transporter.
   755 | D        | Reached ****** piety under Trog
   755 | D        | Received a gift from Trog
   755 | D        | Reached skill level 1 in Stealth
   775 | D        | Got the amulet "Tenlad" {Gourm rElec}
   782 | D        | Got the +2 cloak of Fedhas's Pride {MR- Str+2 Slay+5}
   933 | D        | Entered arena 8.
   934 | D        | Found a transporter.
   938 | D        | Reached XP level 9. HP: 86/94 MP: 8/8
   938 | D        | Reached skill level 14 in Fighting
  1001 | D        | Entered arena 9.
  1002 | D        | Found a transporter.
  1006 | D        | Received a gift from Trog
  1006 | D        | Reached skill level 10 in Armour
  1061 | D        | Entered arena 10.
  1061 | D        | Noticed a guardian mummy
  1061 | D        | Noticed a guardian mummy
  1061 | D        | Noticed a guardian mummy
  1061 | D        | Noticed a death scarab
  1061 | D        | Noticed a mummy priest
  1062 | D        | Found a transporter.
  1064 | D        | Noticed a soul eater
  1065 | D        | Noticed a red devil
  1070 | D        | Received a gift from Trog
  1072 | D        | Killed a guardian mummy
  1073 | D        | Killed a mummy priest
  1073 | D        | Reached skill level 15 in Fighting
  1073 | D        | Reached XP level 10. HP: 25/105 MP: 4/9
  1073 | D        | HP: 3/105 [death scarab (14)]
  1073 | D        | Slain by a guardian mummy

Skill      XL: |  1  2  3  4  5  6  7  8  9 |
---------------+----------------------------+-----
Fighting       | 7 9 11 12 13 15 | 15.1
Axes           | 7 9 10 11 12 14 | 14.6
Polearms       | 1 2 4 7 11 13 | 13.1
Armour         | 4 5 6 7 8 11 | 11.2
Dodging        | 3 4 5 6 |  6.4
Stealth        | 1 |  1.8

Action                   |  1- 3 |  4- 6 |  7- 9 | 10-12 || total
-------------------------+-------+-------+-------+-------++-------
Melee: Demon trident     |     1 |    17 |    55 |       ||    73
       Headbutt          |       |     3 |    16 |       ||    19
       Executioner's axe |       |       |    20 |       ||    20
Invok: Berserk           |     1 |       |     1 |       ||     2
       Burn Spellbooks   |       |     1 |     2 |       ||     3
  Eat: Chunk             |       |       |     1 |       ||     1
Armor: Shadow dragon sca |       |     8 |    64 |       ||    72
Dodge: Dodged            |       |     9 |    46 |     1 ||    56
